 Dungeon Sprint DCSS version 0.27.1-2-g3b301248ec (webtiles) character file.

Game seed: 3140150381324527697

6537 boopmooplesden the Severer (level 10, -4/103 HPs)
             Began as a Minotaur Fighter on Sept 23, 2021.
             Was an Elder of Okawaru.
             Slain by a skeletal warrior (18 damage)
             ... in the Dungeon (Sprint II: "The Violet Keep of Menkaure").
             The game lasted 00:09:45 (1188 turns).

boopmooplesden the Severer (Minotaur Fighter)       Turns: 1188, Time: 00:09:46

Health: -4/103     AC: 25    Str: 22    XL:     10   Next: 70%
Magic:  6/9        EV:  8    Int:  5    God:    Okawaru [****..]
Gold:   382        SH: 14    Dex: 12    Spells: 9/9 levels left

rFire    . . .     SeeInvis .   a - +1 war axe (drain)
rCold    . . .     Faith    .   c - +0 kite shield
rNeg     . . .     Spirit   .   d - +4 plate armour {rPois}
rPois    +         Reflect  .   e - +2 hat
rElec    .         Harm     .   (no cloak)
rCorr    .         Rampage  .   (no gloves)
Will     .....     NoTele   +   m - +2 pair of boots {Fly}
Stlth    ..........             (no amulet)
HPRegen  0.27/turn              (no ring)
MPRegen  0.11/turn              (no ring)

@: unable to read, flying
A: horns 2, retaliatory headbutt, inability to read while threatened
a: Renounce Religion, Heroism


You were in the Dungeon.
You worshipped Okawaru.
Okawaru was greatly pleased with you.
You visited 1 branch You collected 1247 gold pieces.
You spent 865 gold pieces at shops.

Inventory:

Hand Weapons
 a - a +1 war axe of draining (weapon)
Missiles
 n - 5 silver javelins (quivered)
Armour
 b - a +0 scale mail
 c - a +0 kite shield (worn)
 d - a +4 plate armour of poison resistance (worn)
 e - a +2 hat (worn)
 m - a +2 pair of boots of flying (worn)
Jewellery
 u - a ring of resist corrosion
 v - a +4 ring of evasion
Scrolls
 j - a scroll of blinking
 p - a scroll of fog
Potions
 f - a potion of might
 g - 3 potions of resistance
 h - 5 potions of magic
 i - 3 potions of attraction
 k - a potion of degeneration
 l - 2 potions of curing
 r - a potion of lignification {unknown}
 x - 2 potions of flight
 z - a potion of invisibility {unknown}


   Skills:
 + Level 14.0 Fighting
 + Level 16.7 Axes
 + Level 13.8 Armour
 + Level 3.3 Dodging
 + Level 0.8 Stealth
 + Level 15.3 Shields
 + Level 1.2 Invocations


You had 9 spell levels left.
You didn't know any spells.
Your spell library contained the following spells:

 Spells                   Type           Power      Damage    Failure   Level
 Beastly Appendage        Tmut           0%         N/A       99%         1
 Foxfire                  Conj/Fire      0%         2x1d4     99%         1
 Magic Dart               Conj           0%         1d3       99%         1
 Searing Ray              Conj           0%         3d3       100%        2
 Slow                     Hex            0%         N/A       100%        2
 Confusing Touch          Hex            0%         N/A       100%        3
 Conjure Flame            Conj/Fire      0%         6-21      100%        3
 Inner Flame              Hex/Fire       0%         N/A       100%        3
 Spider Form              Tmut/Pois      0%         N/A       100%        3
 Summon Guardian Golem    Hex/Summ       0%         N/A       100%        3
 Tukima's Dance           Hex            0%         N/A       100%        3
 Animate Armour           Summ/Erth      0%         N/A       100%        4
 Fulminant Prism          Conj/Hex       0%         3d6       100%        4
 Passage of Golubria      Tloc           N/A        N/A       100%        4
 Summon Lightning Spire   Summ/Air       0%         N/A       100%        4
 Yara's Violent Unravell  Hex/Tmut       0%         3d3       100%        5
 Spellforged Servitor     Conj/Summ      0%         N/A       100%        7
 Storm Form               Tmut/Air       0%         N/A       100%        7
 Maxwell's Capacitive Co  Air            0%         ∞         100%        8


Dungeon Overview and Level Annotations

Branches:
Dungeon (1/1)

Altars:
Cheibriados
Dithmenos
Elyvilon
Fedhas
Gozag
Hepliaklqana
Kikubaaqudgha
Makhleb
Nemelex Xobeh
Okawaru
Qazlal
Ru
Sif Muna
Trog
Uskayaw
Vehumet
Wu Jian
Xom
Yredelemnul
Zin
The Shining One
Beogh
Jiyva
Lugonu

Shops:
D :(?[=!:![![=:!=

Annotations:
D exclusion: oklob plant, Roxanne


Innate Abilities, Weirdness & Mutations

You have a pair of horns on your head.
You reflexively headbutt those who attack you in melee.
You sometimes lose the ability to read scrolls when taking damage.


Message History

The yak is heavily wounded.
You closely miss the skeletal warrior. You block the yak's attack.
You closely miss the yak.
The yak is heavily wounded.
You completely miss the skeletal warrior.
The skeletal warrior hits you but does no damage.
You block the yak's attack.
You slice the yak!!
You kill the yak!
Okawaru accepts your kill.
You hit the skeletal warrior but do no damage.
You block the skeletal warrior's attack.
Your base Fighting skill increases to level 14!
You slash the skeletal warrior!
The skeletal warrior is severely damaged.
You slash the skeletal warrior!
The skeletal warrior is almost destroyed.
You block the skeletal warrior's attack.
You hit the skeletal warrior but do no damage.
The skeletal warrior is almost destroyed.
You block the skeletal warrior's attack.
Your plate armour prevents you from hitting the skeletal warrior.
The skeletal warrior is severely damaged.
You closely miss the skeletal warrior.
The skeletal warrior is severely damaged.
You block the skeletal warrior's attack.
You hit the skeletal warrior but do no damage.
The skeletal warrior is severely damaged.
You block the skeletal warrior's attack.
You slash the skeletal warrior!
The skeletal warrior is almost destroyed.
You feel like a meek peon again.
You block the skeletal warrior's attack.
You hit the skeletal warrior but do no damage.
The skeletal warrior is almost destroyed.
You hit the skeletal warrior.
You headbutt the skeletal warrior, but do no damage.
The skeletal warrior is almost destroyed.
The skeletal warrior hits you with a +0 glaive!!
You die...

+******+**,,####+####,,,,,,,,*,,,
∩∩∩∩∩∩*,,+,##≈§§§§§§##⌠,,,,*+***,
∩∩∩∩∩∩*,,###≈≈≈§§§≈§§##,,,,*,,*▓▓
******#*@,'§§§§§8§§§§≈#*++**,,,+.
,,,**,ck####§§§§§≈≈§§#*≈^,,***,#.
,,,,*,,Kc.≈##§§§§§≈≈#*,≈,,,,,**#.
##########≈≈#§§'#'§'##***,,,,*,*#
#########≈≈≈.§≈z))..≈#,,+^,,,*,,#
....∩.∩.#≈≈≈≈.##@##≈.#,,****,*,,#
...∩.∩..#≈≈≈≈##≈#.##.####,,+.##.#
..∩.∩...#≈≈≈≈#≈###.#,...#,,*^..##
.⌠.∩....#≈≈####.#.####..##**#..#*
..∩.∩...#≈##.###'###.##..#,,+..#,
...∩.∩..#≈##..##.##...#..#,,#.^#,
....∩.∩.'≈'.##'.<.'##.'..####..##
.....∩..#≈##..##.##.###....###...
▓▓▓▓▓▓###≈##.###'###.##.....§≈≈)÷


You could see Roxanne and a skeletal warrior.

Vanquished Creatures
  Kirke (D)
  A yaktaur captain (D)
  A centaur warrior (D)
  An elephant (D)
  A kobold demonologist (D)
  A yaktaur (D)
  3 polar bears (D)
  A hornet (D)
  2 wyverns (D)
  3 yaks (D)
  4 neqoxecs (D)
  Menkaure (D)
  3 water moccasins (D)
  5 scorpions (D)
  3 worms (D)
31 creatures vanquished.

Vanquished Creatures (others)
  A water moccasin (D)
  8 tentacles (D)
9 creatures vanquished.

Grand Total: 40 creatures vanquished

Notes
Turn   | Place    | Note
-------+----------+-------------------------------------------
     0 | D        | boopmooplesden the Minotaur Fighter began the quest for the
                  | Orb.
     0 | D        | Reached XP level 1. HP: 19/19 MP: 0/0
     1 | D        | Noticed a scorpion
     1 | D        | Noticed a scorpion
     1 | D        | Noticed a scorpion
     1 | D        | Noticed a scorpion
     6 | D        | Killed a scorpion
     7 | D        | Reached skill level 3 in Axes
     7 | D        | Reached skill level 5 in Shields
     7 | D        | Reached XP level 2. HP: 13/30 MP: 1/1
     7 | D        | Reached XP level 3. HP: 16/37 MP: 2/2
     8 | D        | Killed a scorpion
     9 | D        | Reached skill level 4 in Axes
     9 | D        | Reached XP level 4. HP: 15/47 MP: 3/3
    13 | D        | Killed a scorpion
    14 | D        | Reached XP level 5. HP: 23/53 MP: 4/4
    18 | D        | HP: 2/53 [poisoned by a scorpion]
    19 | D        | Reached skill level 5 in Axes
    19 | D        | Reached skill level 1 in Dodging
    53 | D        | Killed a water moccasin
   254 | D        | Noticed a neqoxec
   254 | D        | Noticed a neqoxec
   254 | D        | Noticed a neqoxec
   254 | D        | Noticed a neqoxec
   256 | D        | Gained mutation: You sometimes lose the ability to read
                  | scrolls when taking damage. [a neqoxec]
   259 | D        | Killed a neqoxec
   260 | D        | Reached skill level 6 in Axes
   260 | D        | Reached XP level 6. HP: 64/64 MP: 5/5
   261 | D        | Killed a neqoxec
   262 | D        | Reached skill level 10 in Fighting
   262 | D        | Reached skill level 7 in Axes
   262 | D        | Reached skill level 10 in Armour
   264 | D        | Killed a neqoxec
   265 | D        | Reached skill level 8 in Axes
   265 | D        | Reached XP level 7. HP: 73/73 MP: 6/6
   268 | D        | Killed a neqoxec
   269 | D        | Reached skill level 10 in Shields
   331 | D        | Noticed a wyvern
   331 | D        | Noticed a wyvern
   336 | D        | Killed a wyvern
   337 | D        | Reached skill level 9 in Axes
   340 | D        | Killed a wyvern
   341 | D        | Reached XP level 8. HP: 46/82 MP: 7/7
   499 | D        | Found Uczuym's Book Boutique.
   499 | D        | Found Wuczicabupp's Jewellery Shop.
   499 | D        | Found Cavvetipurph's Armour Boutique.
   499 | D        | Found Xody's Distillery.
   499 | D        | Found Domirpharph's Antique Armour Shop.
   499 | D        | Found Adycy's Book Boutique.
   500 | D        | Found Dibroxed's Distillery.
   500 | D        | Found Zeacli's Jewellery Shop.
   500 | D        | Found Ekaupawosamn's Antique Armour Boutique.
   500 | D        | Found Baaliaph's Distillery.
   501 | D        | Found Kitumor's Jewellery Boutique.
   501 | D        | Found Ceeh's Distillery.
   501 | D        | Found Zownal's Magic Scroll Shop.
   501 | D        | Found Icvunergh's Antique Weapon Boutique.
   510 | D        | Reached skill level 10 in Axes
   519 | D        | Noticed Menkaure
   519 | D        | Noticed an oklob plant
   528 | D        | Killed Menkaure
   532 | D        | Found Nych's Book Shoppe.
   540 | D        | Bought a +4 plate armour of poison resistance for 517 gold
                  | pieces
   540 | D        | Bought a +2 hat for 176 gold pieces
   582 | D        | Found an iron altar of Okawaru.
   582 | D        | Found a radiant altar of Vehumet.
   582 | D        | Found a glowing silver altar of Zin.
   583 | D        | Found a sparkling altar of Nemelex Xobeh.
   583 | D        | Found a hide-covered altar of Uskayaw.
   584 | D        | Found an opulent altar of Gozag.
   584 | D        | Found a burning altar of Makhleb.
   584 | D        | Found a bloodstained altar of Trog.
   584 | D        | Found a basalt altar of Yredelemnul.
   585 | D        | Found a blossoming altar of Fedhas.
   585 | D        | Found a corrupted altar of Lugonu.
   585 | D        | Found a shimmering blue altar of Sif Muna.
   586 | D        | Found a white marble altar of Elyvilon.
   586 | D        | Found an ancient bone altar of Kikubaaqudgha.
   587 | D        | Found a shadowy altar of Dithmenos.
   587 | D        | Found a viscous altar of Jiyva.
   588 | D        | Found a snail-covered altar of Cheibriados.
   590 | D        | Found a shimmering altar of Xom.
   590 | D        | Found a sacrificial altar of Ru.
   590 | D        | Found a hazy altar of Hepliaklqana.
   590 | D        | Noticed a hornet
   590 | D        | Noticed a polar bear
   590 | D        | Noticed a polar bear
   591 | D        | Found a glowing golden altar of the Shining One.
   591 | D        | Found an ornate altar of the Wu Jian Council.
   591 | D        | Found a stormy altar of Qazlal.
   591 | D        | Noticed a yaktaur
   591 | D        | Noticed a polar bear
   592 | D        | Became a worshipper of Warmaster Okawaru
   604 | D        | Killed a polar bear
   605 | D        | Reached skill level 11 in Axes
   608 | D        | Killed a polar bear
   608 | D        | Reached * piety under Okawaru
   618 | D        | Killed a hornet
   619 | D        | Reached skill level 12 in Axes
   624 | D        | Killed a yaktaur
   624 | D        | Reached ** piety under Okawaru
   625 | D        | Reached XP level 9. HP: 58/91 MP: 8/8
   629 | D        | Killed a polar bear
   630 | D        | Reached skill level 13 in Axes
   640 | D        | Noticed a kraken
  1054 | D        | Got the Grimoire of Supportive Changing
  1066 | D        | Noticed an ice statue
  1091 | D        | Bought a pair of runed boots for 172 gold pieces
  1106 | D        | Noticed a centaur warrior
  1106 | D        | Noticed Kirke
  1106 | D        | Noticed a yaktaur captain
  1107 | D        | Noticed a kobold demonologist
  1108 | D        | Noticed a lindwurm
  1110 | D        | Identified Roxanne's Incunabulum of Clay
  1110 | D        | Noticed Roxanne
  1126 | D        | Killed a yaktaur captain
  1126 | D        | Reached *** piety under Okawaru
  1126 | D        | Received a gift from Okawaru
  1127 | D        | Reached skill level 14 in Axes
  1131 | D        | Noticed an elephant
  1132 | D        | Noticed a sphinx
  1139 | D        | Noticed a skeletal warrior
  1140 | D        | Killed a centaur warrior
  1140 | D        | Killed Kirke
  1140 | D        | Received a gift from Okawaru
  1140 | D        | Reached **** piety under Okawaru
  1141 | D        | Reached skill level 16 in Axes
  1141 | D        | Reached XP level 10. HP: 31/102 MP: 7/9
  1150 | D        | Killed an elephant
  1151 | D        | Reached skill level 15 in Shields
  1151 | D        | Reached skill level 1 in Invocations
  1173 | D        | HP: 4/102 [skeletal warrior (3)]
  1188 | D        | Slain by a skeletal warrior

Illustrated notes

Levels and vault maps discovered:
D:        the_violet_keep_of_menkaure [sprint2_stairs_cluster_1,
          sprint2_shoproom, sprint2_temple, sprint2_basic_supplies,
          sprint2_obstacle_2, sprint2_obstacle_5, sprint2_obstacle_6,
          sprint2_obstacle_3, sprint2_obstacle_1, sprint2_timed_cluster_1,
          sprint2_smallroom_cluster_1, sprint2_smallroom_final_cluster_1,
          sprint2_transparent_cluster_1, sprint2_second_timed_cluster_1,
          sprint2_sniper_area_1, sprint2_heavy_combat_area_1,
          sprint2_mutation_trap_area_1, sprint2_forest_area_1,
          sprint2_light_combat_area_1, sprint2_behind_water_1,
          sprint2_near_end_vault_1]

Skill      XL: |  1  2  3  4  5  6  7  8  9 10 |
---------------+-------------------------------+-----
Fighting       | 6 7 8 9 10 11 12 13 14 | 14.0
Axes           | 3 4 6 8 9 12 16 | 16.7
Armour         | 6 7 9 10 11 12 13 | 13.8
Shields        | 5 6 7 9 10 12 14 15 | 15.3
Dodging        | 1 2 3 |  3.3
Invocations    | 1 |  1.2
Stealth        | |  0.8

Action                   |  1- 3 |  4- 6 |  7- 9 | 10-12 || total
-------------------------+-------+-------+-------+-------++-------
Melee: War axe           |     5 |    18 |   100 |    34 ||   157
       Headbutt          |     2 |     4 |    25 |    10 ||    41
Invok: Heroism           |       |       |     1 |     2 ||     3
  Use: Potion            |     1 |     3 |     3 |     2 ||     9
       Scroll            |       |       |    10 |       ||    10
Armor: Scale mail        |     2 |     3 |     2 |       ||     7
       Plate armour      |       |       |    64 |    12 ||    76
Dodge: Dodged            |     1 |     2 |    25 |     4 ||    32
Block: Kite shield       |     3 |     8 |    70 |    21 ||   102
